 Dungeon Crawl Stone Soup version 0.24-a0-355-gbe4061de67 (webtiles) character file.

Game seed: 8392505104205279460

22220 CheesenQwackers the Thrower (level 12, -15/106 HPs)
             Began as a Centaur Hunter on May 24, 2019.
             Was a Priest of Ashenzari.
             Killed from afar by a rakshasa (illusionary) (32 damage)
             ... with an orb of energy
             ... on level 14 of the Dungeon.
             The game lasted 01:01:22 (22420 turns).

CheesenQwackers the Thrower (Centaur Hunter)       Turns: 22420, Time: 01:01:23

Health: -15/106    AC: 15    Str: 19    XL:     12   Next: 61%
Magic:  12/12      EV:  6    Int: 10    God:    Ashenzari [***...]
Gold:   485        SH:  9    Dex: 11    Spells: 11/11 levels left

rFire    . . .     SeeInvis +   v - +2 hunting sling (venom) (curse)
rCold    . . .     Gourm    .   F - +1 buckler {rPois} (curse)
rNeg     . . .     Faith    .   e - +0 chain mail
rPois    +         Spirit   .   L - +0 helmet (curse)
rElec    .         Reflect  +   P - +0 cloak
rCorr    .         Harm     .   S - +0 pair of gloves
MR       .....                  (no barding)
Stlth    ..........             J - +3 amulet of reflection
HPRegen  0.27/turn              (no ring)
MPRegen  0.13/turn              (no ring)

@: very quick
A: large, hooves 3, deformed body, speed 2, tough skin 3
a: Curse Item, Scrying, Renounce Religion


You were on level 14 of the Dungeon.
You worshipped Ashenzari.
Ashenzari was most pleased with you.
You were not hungry.

You visited 2 branches of the dungeon, and saw 15 of its levels.
You also visited: Sewer.

You collected 847 gold pieces.
You spent 362 gold pieces at shops.

Inventory:

Hand Weapons
 k - a +3 war axe of flaming
 s - a +2 dagger of speed
 v - a cursed +2 hunting sling of venom (weapon)
Missiles
 d - 7 throwing nets
 j - 324 stones
 q - 4 javelins
 z - 128 sling bullets (quivered)
 H - 9 atropa-tipped darts
 R - 3 curare-tipped darts
 U - 8 boomerangs
Armour
 e - a +0 chain mail (worn)
 F - a cursed +1 buckler of poison resistance (worn)
 L - a cursed +0 helmet (worn)
 P - a +0 cloak (worn)
 S - a +0 pair of gloves (worn)
Jewellery
 o - an uncursed amulet of guardian spirit
 J - a +3 amulet of reflection (around neck)
 M - an uncursed ring of poison resistance
 W - an uncursed ring of flight
Wands
 b - a wand of disintegration (9)
 p - a wand of flame (65)
 E - a wand of polymorph (14)
 K - a wand of enslavement (4)
 Q - a wand of acid (6)
 X - a wand of clouds (4)
Scrolls
 g - 9 scrolls of teleportation
 r - 3 scrolls of blinking
 y - 3 scrolls of remove curse
 A - 4 scrolls of amnesia
 B - 5 scrolls of magic mapping
 C - 5 scrolls of identify
 D - a scroll of fear {unknown}
 I - 2 scrolls of fog
 N - a scroll of silence {unknown}
 T - a scroll of summoning {unknown}
 V - a scroll of noise {unknown}
 Y - a scroll of holy word {unknown}
 Z - a scroll of random uselessness {unknown}
Potions
 a - a potion of magic {unknown}
 c - 4 potions of might
 h - 2 potions of flight
 i - 2 potions of lignification
 l - 5 potions of curing
 m - a potion of resistance {unknown}
 t - 3 potions of brilliance
 u - a potion of cancellation
 w - 4 potions of heal wounds
 G - a potion of berserk rage {unknown}
Comestibles
 f - 24 rations


   Skills:
 + Level 10.2 Fighting
 - Level 3.7 Short Blades
 - Level 0.2(8.4) Slings
 * Level 12.7 Throwing
 * Level 10.2 Armour
 - Level 1.3 Dodging
 - Level 2.0 Stealth
 - Level 3.7(5.4) Shields
 + Level 0.1 Evocations


You had 11 spell levels left.
You didn't know any spells.
Your spell library contained the following spells:

 Spells                   Type           Power        Failure   Level  Hunger
 Confusing Touch          Hex            #.....       96%         1    ##.....
 Corona                   Hex            #......      96%         1    ##.....
 Slow                     Hex            #.......     99%         2    ###....
 Confuse                  Hex            #.......     100%        3    ####...
 Gell's Gravitas          Tloc           #.........   100%        3    ####...
 Inner Flame              Hex/Fire       #.......     100%        3    ####...
 Portal Projectile        Hex/Tloc       #.....       100%        3    ####...
 Cause Fear               Hex            #.........   100%        4    #####..
 Leda's Liquefaction      Hex/Erth       #.........   100%        4    #####..
 Petrify                  Tmut/Erth      #.......     100%        4    #####..
 Metabolic Englaciation   Hex/Ice        #.........   100%        5    ######.
 Yara's Violent Unravell  Hex/Tmut       #.........   100%        5    ######.


Dungeon Overview and Level Annotations

Branches:
Dungeon (14/15)            Temple (1/1) D:5            Lair (0/6) D:10
    Orc (0/2) D:10         Vaults (0/5) D:14

Altars:
Ashenzari
Cheibriados
Dithmenos
Elyvilon
Fedhas
Gozag
Hepliaklqana
Kikubaaqudgha
Makhleb
Nemelex Xobeh
Okawaru
Qazlal
Ru
Sif Muna
Trog
Uskayaw
Vehumet
Wu Jian
Xom
Yredelemnul
Zin
The Shining One

Shops:
D:4 :   D:6 *   D:10 **   D:14 %

Annotations:
D:1 exclusion: 2 downstairs
D:2 Sigmund
D:5 exclusion: downstairs
D:9 exclusion: downstairs
D:11 exclusion: downstairs
D:13 exclusion: downstairs


Innate Abilities, Weirdness & Mutations

You have hooves in place of feet.
Armour fits poorly on your strangely shaped body.
You cover ground very quickly.
You have extremely tough skin. (AC +3)


Message History

You shoot a sling bullet. The sling bullet misses the rakshasa.
The rakshasa blinks!
The crimson imp blinks!
The rakshasa hits you from afar with a cursed -3 trident.
* * * LOW HITPOINT WARNING * * *
Firing (i - inventory. (/) - cycle)
z - 129 sling bullets (quivered)
Press: ? - help, Shift-Dir - straight line, f/p - rakshasa
Aim: a rakshasa, wielding a -3 trident and wearing a +0 robe (almost dead, poisoned)
You shoot a sling bullet.
The sling bullet barely misses the rakshasa.
The crimson imp blinks!
The rakshasa looks more healthy. x2
The rakshasa gestures at you. The orb of energy hits you!
* * * LOW HITPOINT WARNING * * *
The orb of energy explodes!
You are no longer corroded.
The rakshasa gestures at you. The orb of energy hits you!!
You die...

#. , , , ...###......... ..
....#..........#* #§ * *
#..(((.........# ., , ,
,,#....(.....(...# ### #, *
*#.........5...#* ...# ..
,{##..#.>.........# # ..# ..*
##..##........(..# ##
..###.###..##...........#* ##. ##
... ....#..@....R..R(.# ##..
R####.#####....#####.....(####...
.{.##.##..)..### #...R...(#....
##.(......#### ###..##.......
###....)...# #######§...#
##..#.##.# ### ##{..#.. #.(##.#.#
##.### ##...###. #..#.##.#
##....#####{..## ##
##.##.#.###......##.R..## #


You could see 2 rakshasas.

Vanquished Creatures
  Harold (D:8)
  A rakshasa (D:14)
  2 two-headed ogres
  A catoblepas (D:10)
  2 tengu warriors (D:13)
  A skeletal warrior (D:13)
  Pikel (D:8)
  3 manticores (D:13)
  A cyclops (D:14)
  A gargoyle (D:14)
  Maurice (D:9)
  2 komodo dragons (D:13)
  2 centaur skeletons
  A freezing wraith (D:14)
  3 hornets
  3 trolls
  A tengu conjurer (D:14)
  Prince Ribbit (D:5)
  A queen bee (D:8)
  2 hippogriffs
  A wraith (D:10)
  A vampire (D:13)
  A water elemental (D:13)
  5 yaks (D:12)
  A basilisk (D:14)
  2 hungry ghosts
  3 vampire mosquitoes (D:14)
  An acid dragon (D:11)
  2 porcupines (D:10)
  A water moccasin (D:6)
  2 black bears
  9 sky beasts
  6 orc warriors
  A slave (D:8)
  An eye of draining (D:8)
  6 ice beasts
  4 centaurs
  2 necrophages
  A phantom (D:10)
  8 ogres
  4 big kobolds
  9 bullfrogs
  A wyvern skeleton (D:12)
  3 scorpions
  22 killer bees
  4 wights (D:11)
  An electric eel (D:13)
  6 howler monkeys
  3 centaur zombies
  4 crimson imps
  A bullfrog zombie (D:12)
  2 jellies
  2 quasits
  9 hounds
  7 orc wizards
  5 orc priests
  A gnoll shaman (D:4)
  3 bullfrog skeletons
  4 iguanas
  10 worker ants
  Natasha (thrice) (D:2)
  A hound skeleton (D:8)
  A howler monkey zombie (D:8)
  17 gnolls
  20 adders
  A river rat (D:4)
  3 shadow imps
  2 oozes (Sewer)
  2 adder zombies
  3 adder skeletons (D:5)
  3 worms
  A dart slug (D:5)
  6 leopard geckos
  45 orcs
  4 ball pythons
  10 giant cockroaches
  6 goblins
  6 hobgoblins
  12 jackals
  5 quokkas
  A ball python skeleton (D:4)
  7 bats
  3 frilled lizards
  25 kobolds
  A leopard gecko skeleton (D:5)
  8 rats
  2 plants (D:10)
388 creatures vanquished.

Vanquished Creatures (others)
  A cyclops (D:13)
  An acid dragon (D:14)
  3 slaves (D:8)
  A killer bee (D:8)
  An orc wizard (D:10)
  A kobold (D:8)
8 creatures vanquished.

Grand Total: 396 creatures vanquished

Notes
Turn   | Place    | Note
-------+----------+-------------------------------------------
     0 | D:1      | CheesenQwackers the Centaur Hunter began the quest for the
                  | Orb.
     0 | D:1      | Reached XP level 1. HP: 17/17 MP: 1/1
   491 | D:1      | Reached XP level 2. HP: 21/24 MP: 2/2
  1179 | D:2      | Noticed Sigmund
  1398 | D:2      | Reached skill level 5 in Throwing
  1474 | D:2      | Noticed Natasha
  1477 | D:2      | Noticed a crimson imp
  1483 | D:2      | Killed Natasha
  1483 | D:2      | Reached XP level 3. HP: 23/29 MP: 3/3
  1593 | D:2      | Reached skill level 1 in Armour
  1723 | D:2      | Noticed Natasha
  1733 | D:2      | Killed Natasha
  1733 | D:2      | Reached XP level 4. HP: 28/36 MP: 4/4
  1747 | D:2      | Noticed Natasha
  1759 | D:2      | Killed Natasha
  1944 | D:2      | Found a deep blue altar of Sif Muna.
  2629 | D:2      | Reached XP level 5. HP: 38/42 MP: 5/5
  2981 | D:3      | Reached skill level 6 in Throwing
  3530 | D:3      | Reached XP level 6. HP: 36/50 MP: 6/6
  3896 | D:3      | Found a faded altar of an unknown god.
  4444 | D:4      | Found Tuhasech's Book Shop.
  4462 | D:4      | Found a white marble altar of Elyvilon.
  4466 | D:4      | You fall into a shaft and drop 1 floor!
  4466 | D:5      | Entered Level 5 of the Dungeon
  4678 | D:4      | Found a glowing drain.
  4696 | Sewer    | Entered a sewer
  4941 | Sewer    | Reached XP level 7. HP: 29/57 MP: 4/7
  5513 | D:4      | Reached skill level 1 in Short Blades
  6110 | D:4      | Found a burning altar of Makhleb.
  6211 | D:5      | Found a staircase to the Ecumenical Temple.
  6348 | Temple   | Entered the Ecumenical Temple
  6467 | Temple   | Became a worshipper of Elyvilon the Healer
  6484 | Temple   | Fell from the grace of Elyvilon
  6484 | Temple   | Became a worshipper of Ashenzari the Shackled
  6512 | D:5      | Reached XP level 8. HP: 66/66 MP: 8/8
  6619 | D:5      | Reached skill level 5 in Armour
  6625 | D:5      | Noticed Prince Ribbit
  6668 | D:5      | Killed Prince Ribbit
  6668 | D:5      | Reached skill level 7 in Throwing
  6996 | D:5      | Found a snail-covered altar of Cheibriados.
  7078 | D:5      | Found a hazy altar of Hepliaklqana.
  7291 | D:5      | Found a sacrificial altar of Ru.
  7458 | D:6      | Found Tysi's Serpentskin Sales.
  7468 | D:6      | Reached skill level 8 in Throwing
  7468 | D:6      | Reached skill level 1 in Stealth
  7476 | D:6      | Bought a +1 buckler of poison resistance for 189 gold
                  | pieces
  7492 | D:6      | Found a glowing silver altar of Zin.
  8254 | D:6      | Reached XP level 9. HP: 71/71 MP: 9/9
  8457 | D:6      | Reached skill level 1 in Shields
  9307 | D:7      | Reached skill level 9 in Throwing
  9903 | D:7      | Found a blossoming altar of Fedhas.
  9977 | D:7      | Found a radiant altar of Vehumet.
 10043 | D:8      | Found an ornate altar of the Wu Jian Council.
 10162 | D:8      | Noticed Pikel
 10222 | D:8      | Killed Pikel
 10705 | D:8      | Reached XP level 10. HP: 79/80 MP: 10/10
 11279 | D:8      | Reached skill level 10 in Throwing
 11426 | D:8      | Found an opulent altar of Gozag.
 11468 | D:8      | Noticed Harold
 11558 | D:8      | Killed Harold
 11558 | D:8      | Reached skill level 5 in Fighting
 11808 | D:6      | Bought a +1 hunting sling of venom for 123 gold pieces
 11972 | D:8      | Reached * piety under Ashenzari
 12518 | D:9      | Noticed Maurice
 12567 | D:9      | Found a hide-covered altar of Uskayaw.
 12757 | D:9      | Killed Maurice
 12999 | D:9      | Found a sparkling altar of Nemelex Xobeh.
 13050 | D:9      | Found an iron altar of Okawaru.
 13535 | D:9      | Found a shadowy altar of Dithmenos.
 13811 | D:9      | Reached skill level 11 in Throwing
 13958 | D:10     | Entered Level 10 of the Dungeon
 13978 | D:10     | Reached XP level 11. HP: 59/90 MP: 11/11
 14207 | D:10     | Found Upsuys's General Store.
 14255 | D:10     | Bought a potion of heal wounds for 50 gold pieces
 14430 | D:10     | Found a staircase to the Orcish Mines.
 14432 | D:10     | Found a radiant altar of Vehumet.
 14463 | D:10     | Found a burning altar of Makhleb.
 14464 | D:10     | Found Voerr's Blasphemy Boutique.
 14627 | D:10     | Noticed a catoblepas
 14691 | D:10     | Killed a catoblepas
 14815 | D:10     | Found a staircase to the Lair.
 15037 | D:10     | Reached ** piety under Ashenzari
 16488 | D:12     | Noticed a two-headed ogre
 16517 | D:12     | Killed a two-headed ogre
 17658 | D:13     | Reached *** piety under Ashenzari
 18151 | D:13     | Reached skill level 12 in Throwing
 18642 | D:13     | Noticed a two-headed ogre
 18666 | D:13     | Killed a two-headed ogre
 18666 | D:13     | Reached XP level 12. HP: 101/104 MP: 12/12
 19877 | D:14     | Noticed a tengu warrior
 19987 | D:13     | Killed a tengu warrior
 20312 | D:14     | Noticed a rakshasa
 20336 | D:14     | HP: 3/106 [rakshasa (illusionary)/orb of energy (23)]
 21100 | D:14     | Noticed a tengu warrior
 21138 | D:14     | Reached skill level 10 in Fighting
 21200 | D:13     | Killed a tengu warrior
 21200 | D:13     | Reached skill level 10 in Armour
 21959 | D:14     | Killed a rakshasa
 22238 | D:14     | Found a gate to the Vaults.
 22289 | D:14     | Found Xykid's Food Boutique.
 22338 | D:14     | Noticed a rakshasa
 22404 | D:14     | Identified the +1 robe "Yxaycw" {rF+}
 22420 | D:14     | Killed from afar by a rakshasa (illusionary)

Levels and vault maps discovered:
D:1:      minmay_arrival_hallway, layout_loops_corners
D:2:      layout_rooms, overflow_temple_1_default, uniq_sigmund, uniq_natasha
D:3:      minmay_general_purpose_star, layout_basic,
          chequers_ecumenical_altar_simple_redux
D:4:      kennysheep_six_static_rooms, layout_rooms,
          nicolae_overflow_crystal_walls, gup_sewer_entry_bubbles, serial_shops,
          nicolae_shop_waterfront, elyvilon_altar_5
D:5:      layout_loops_ring, kennysheep_mini, kennysheep_slug_shrine,
          minmay_temple_entry_waves, first_ration, basic_altar,
          uniq_prince_ribbit1
D:6:      minmay_recursive_quarters, layout_basic, zin_academy,
          guppyfry_shop_venom
D:7:      layout_basic, marbit_many_paths, lemuel_coloured_pillars_altar
D:8:      layout_basic, overflow_temple_1_default, nicolae_gozag_seed_capital,
          david_nohive_1, uniq_pikel, uniq_harold
D:9:      layout_basic, lemuel_crystal_altar, nemelex_xobeh_ov_fountains_minmay,
          kennysheep_little_box, okawaru_metal_pillars_1_2,
          serial_co_window_serial, co_window_paths_a,
          co_window_of_opportunity_a, co_window_corner_a, co_window_corner_a,
          co_window_of_opportunity_a, co_window_cross_3, co_window_corner_b,
          co_window_cross_4, co_window_corner_cb, co_window_corner_ca,
          co_window_of_opportunity_b, co_window_corner_b, uniq_maurice
D:10:     layout_rooms, grunt_lair_entry_orc_guard_hut, orc_0_dummy,
          basic_altar, serial_shops, shop, serial_glass, glass_columns_b,
          glass_columns_c, nicolae_evil_shop
D:11:     layout_roguey
D:12:     layout_stronghold, minmay_crystal_water, minmay_hedge_maze
D:13:     layout_stronghold, kennysheep_generic_room_4
D:14:     minmay_the_grid_octo_tiled_octocenter
          [minmay_the_grid_octo_vomiting_pacman, minmay_the_grid_octo_focus,
          minmay_the_grid_octo_checkered, minmay_the_grid_octo_horde,
          minmay_the_grid_octo_prize_ultimate_mussel_roller,
          minmay_the_grid_square_5x5_n, minmay_the_grid_square_5x5_inner_i,
          minmay_the_grid_square_5x5_gyroscope,
          minmay_the_grid_square_5x5_fancy_junction], layout_cave_pods,
          serial_shops, shop, minmay_misc_feat_tiny
Temple:   nicolae_temple_figure_zero

Skill      XL: |  1  2  3  4  5  6  7  8  9 10 11 12 |
---------------+-------------------------------------+-----
Throwing       | 5 6 8 9 11 12 | 12.7
Armour         | 1 2 3 4 5 6 8 9 10 | 10.2
Fighting       | 3 4 6 9 10 | 10.2
Short Blades   | 2 3 |  3.7
Stealth        | 1 2 |  2.0
Shields        | 2 3 |  3.7
Slings         | |  0.2
Dodging        | |  1.3
Evocations     | |  0.1

Action                   |  1- 3 |  4- 6 |  7- 9 | 10-12 || total
-------------------------+-------+-------+-------+-------++-------
Melee: Short sword       |    75 |   175 |   128 |       ||   378
       Kick              |    14 |    59 |   128 |    63 ||   264
       Dagger            |       |    89 |   464 |   208 ||   761
       Hunting sling     |       |       |       |     2 ||     2
 Fire: Hunting sling     |       |       |       |  1097 ||  1097
Throw: Stone             |     3 |    11 |       |       ||    14
       Javelin           |       |    10 |    22 |    23 ||    55
       Dart              |       |       |   118 |    40 ||   158
       Throwing net      |       |       |     2 |       ||     2
       Boomerang         |       |       |       |    68 ||    68
Invok: Curse Item        |       |       |       |     2 ||     2
Evoke: Wand              |       |       |       |     4 ||     4
  Use: Scroll            |       |     8 |     1 |     9 ||    18
       Potion            |       |       |     1 |     1 ||     2
  Eat: Chunk             |     1 |    10 |    12 |    22 ||    45
       Ration            |       |       |     2 |     4 ||     6
Armor: Leather armour    |     6 |       |       |       ||     6
       Chain mail        |    34 |   151 |   268 |   241 ||   694
Dodge: Dodged            |    27 |    56 |   117 |   111 ||   311
       Deflected         |       |     2 |     2 |     3 ||     7
Block: Buckler           |       |       |    89 |   234 ||   323
       Reflection        |       |       |     1 |    15 ||    16

Table legend:
 A = Non-vault XP
 B = Vault XP
 C = Vault XP percentage of total XP
 D = Non-vault monster count
 E = Vault monster count
 F = Vault count percentage of total count
                 A         B        C        D         E       F
            +---------+---------+-------+---------+---------+-------
      Total |   21225 |   10519 |  33.1 |     297 |      92 |  23.7
            +---------+---------+-------+---------+---------+-------
        D:1 |      18 |       0 |   0.0 |      10 |       0 |   0.0
        D:2 |     170 |      32 |  15.8 |      22 |       1 |   4.3
        D:3 |     225 |      31 |  12.1 |      26 |       4 |  13.3
        D:4 |     219 |     184 |  45.7 |       6 |      12 |  66.7
        D:5 |     613 |     295 |  32.5 |      16 |       2 |  11.1
        D:6 |    1025 |     569 |  35.7 |      28 |      10 |  26.3
        D:7 |     390 |      36 |   8.5 |      10 |       1 |   9.1
        D:8 |    1552 |    2787 |  64.2 |      34 |      17 |  33.3
        D:9 |    1630 |     433 |  21.0 |      24 |       1 |   4.0
       D:10 |    2511 |     624 |  19.9 |      21 |       5 |  19.2
       D:11 |    1397 |       0 |   0.0 |      28 |       0 |   0.0
       D:12 |    3958 |       0 |   0.0 |      36 |       0 |   0.0
       D:13 |    6272 |    2024 |  24.4 |      30 |       3 |   9.1
       D:14 |    1245 |    3246 |  72.3 |       6 |      12 |  66.7
      Sewer |       0 |     258 | 100.0 |       0 |      24 | 100.0
            +---------+---------+-------+---------+---------+-------
